[Event "ICC tourney 2467 (30 10)"]
[Site "Internet Chess Club"]
[Date "2021.03.21"]
[Round "4"]
[White "Volkov, Sergey:Volkov"]
[Black "HEBDEN, MARK L:mhebden"]
[Result "1-0"]
[ICCResult "Black resigns"]
[WhiteElo "2607"]
[BlackElo "2503"]
[Opening "King's Indian: Gligoric-Taimanov system"]
[ECO "E92"]
[NIC "KI.18"]
[Time "17:02:00"]
[PlyCount "93"]
[TimeControl "1800+10"]

1. d4 Nf6 2. c4 g6 3. Nc3 Bg7 4. e4 d6 5. Nf3 O-O 6. Be2 e5 7. Be3 Ng4 8.
Bg5 f6 9. Bh4 g5 10. Bg3 Nh6 11. h3 Nc6 12. d5 Ne7 13. Nd2 f5 14. exf5
Nhxf5 15. Nde4 Ng6 16. Bg4 Nf4 17. O-O h6 18. c5 Rf7 19. Re1 Nd4 20. a4
Bxg4 21. hxg4 Qd7 22. cxd6 cxd6 23. Nb5 Nxb5 24. axb5 Bf8 25. Bxf4 exf4 26.
Nc3 Bg7 27. Re6 f3 28. Ne4 Bxb2 29. Nxd6 Rf6 30. Rb1 Rd8 31. Qb3 Be5 32.
Rxf6 Bxf6 33. Ne4 Bg7 34. d6+ Qf7 35. gxf3 Qxb3 36. Rxb3 Be5 37. Ra3 Bxd6
38. Rxa7 b6 39. Rb7 Bc5 40. Nxc5 bxc5 41. Rc7 Rb8 42. Rxc5 Kf7 43. Kg2 Ke6
44. Kg3 Kd6 45. Rc6+ Kd5 46. Rxh6 Rxb5 47. f4 { Black resigns } 1-0

[Event "ICC tourney 2467 (30 10)"]
[Site "Internet Chess Club"]
[Date "2021.03.21"]
[Round "4"]
[White "KATSMAN, DAVID:davika21"]
[Black "GUO, YU HAN (VERONICA):VeronicaG"]
[Result "1-0"]
[ICCResult "Black resigns"]
[WhiteElo "1884"]
[BlackElo "1828"]
[Opening "Caro-Kann: classical, 6.h4"]
[ECO "B18"]
[NIC "CK.12"]
[Time "17:01:38"]
[PlyCount "127"]
[TimeControl "1800+10"]

1. e4 c6 2. d4 d5 3. Nc3 dxe4 4. Nxe4 Bf5 5. Ng3 Bg6 6. h4 h6 7. h5 Bh7 8.
Nf3 Nd7 9. Bd3 Bxd3 10. Qxd3 e6 11. Bd2 Qc7 12. O-O-O Ngf6 13. Kb1 O-O-O
14. Qe2 Bd6 15. Ne4 Nxe4 16. Qxe4 Nf6 17. Qe2 Bf4 18. Rh4 Bxd2 19. Qxd2 Rd5
20. g4 Ne4 21. Qe3 Nd6 22. Ne5 f6 23. Nd3 Re8 24. Nf4 Rb5 25. Nd3 Nc4 26.
Qe2 Qb6 27. c3 Qa5 28. Nb4 Nd6 29. Rh3 Qc7 30. Re3 Qd7 31. Re1 a5 32. Nd3
Nc4 33. Rxe6 Rxe6 34. Qxe6 Qxe6 35. Rxe6 Kd7 36. Re2 b6 37. a4 Rg5 38. f3
f5 39. Nf2 fxg4 40. fxg4 Nd6 41. Kc2 Ne8 42. Re4 Nf6 43. Rf4 Nd5 44. Re4
Nf6 45. Re5 Rxe5 46. dxe5 Nd5 47. Kd3 Ke6 48. Ke4 c5 49. Nd3 c4 50. Nf4+
Nxf4 51. Kxf4 Kf7 52. Ke4 g6 53. Kd5 gxh5 54. gxh5 Ke7 55. Kxc4 Ke6 56. Kd4
Kf5 57. Kd5 Kg5 58. e6 Kxh5 59. e7 Kg4 60. e8=Q h5 61. Kc6 h4 62. Kxb6 h3
63. Kxa5 h2 64. Qh8 { Black resigns } 1-0

[Event "ICC tourney 2467 (30 10)"]
[Site "Internet Chess Club"]
[Date "2021.03.21"]
[Round "4"]
[White "Ulrich, Susanna G:thetornado"]
[Black "VAKHIDOV, JAKHONGIR:TjkTiger"]
[Result "1/2-1/2"]
[ICCResult "Game drawn by mutual agreement"]
[WhiteElo "2168"]
[BlackElo "2610"]
[Opening "Grünfeld: Russian, Alekhine (Hungarian) variation"]
[ECO "D97"]
[NIC "GI.10"]
[Time "17:01:37"]
[PlyCount "91"]
[TimeControl "1800+10"]

1. d4 Nf6 2. c4 g6 3. Nc3 d5 4. Nf3 Bg7 5. Qb3 dxc4 6. Qxc4 O-O 7. e4 a6 8.
Be2 b5 9. Qb3 c5 10. dxc5 Be6 11. Qc2 Nbd7 12. Be3 Rc8 13. Nd4 Nxc5 14.
Nxe6 Nxe6 15. Qb3 Nd4 16. Bxd4 Qxd4 17. Rd1 Qe5 18. O-O Nxe4 19. Nxe4 Qxe4
20. Bf3 Qc2 21. Bb7 Qxb3 22. axb3 Rb8 23. Rd7 Bxb2 24. Rxe7 Rfd8 25. Bxa6
Rb6 26. Bb7 Bf6 27. Rc7 Rd2 28. Bf3 Bd4 29. Rb7 b4 30. Rxb6 Bxb6 31. h3 Kg7
32. g3 Rd3 33. Kg2 Rxb3 34. Re1 Kf6 35. Re2 Bd4 36. Bd5 Rd3 37. Re4 g5 38.
h4 Rd2 39. hxg5+ Kxg5 40. Kh3 f5 41. f4+ Kg6 42. Re6+ Bf6 43. Bc4 Rc2 44.
Bd5 Rd2 45. Bc4 Kg7 46. Rb6 { Game drawn by mutual agreement } 1/2-1/2

[Event "ICC tourney 2467 (30 10)"]
[Site "Internet Chess Club"]
[Date "2021.03.21"]
[Round "4"]
[White "DENG, HENRY:SuperPuzzler"]
[Black "Vittal, Sanjana:MCTS13"]
[Result "0-1"]
[ICCResult "White checkmated"]
[WhiteElo "2049"]
[BlackElo "2196"]
[Opening "Ruy Lopez: classical (Cordel) defense"]
[ECO "C64"]
[NIC "RL.01"]
[Time "17:01:26"]
[PlyCount "160"]
[TimeControl "1800+10"]

1. e4 e5 2. Nf3 Nc6 3. Bb5 Bc5 4. d3 h6 5. O-O Qf6 6. c3 Nge7 7. Be3 Bb6 8.
Nbd2 O-O 9. h3 d6 10. Qe2 Qg6 11. Nh4 Qh7 12. a4 g5 13. Nhf3 f5 14. Bc4+
Kh8 15. b4 f4 16. Bxb6 axb6 17. Nh2 h5 18. h4 g4 19. g3 Ng6 20. Kh1 Qe7 21.
Bb3 Bd7 22. Rg1 Qf6 23. Nhf1 Nce7 24. b5 Bxb5 25. Nh2 Bd7 26. Nc4 Ng8 27.
a5 bxa5 28. Nxa5 b6 29. Nc4 Qe7 30. Na3 Bc6 31. Nc2 Nh6 32. Nb4 Bb7 33. Bd5
Rxa1 34. Rxa1 c5 35. Ra7 cxb4 36. Rxb7 Qd8 37. c4 b3 38. Ra7 Qf6 39. Ra1
Ne7 40. Rb1 Ng6 41. Rxb3 fxg3 42. fxg3 Nxh4 43. gxh4 Qxh4 44. Qe3 Kh7 45.
Kg2 Qf6 46. Rb1 h4 47. Rf1 Qg7 48. Rxf8 Qxf8 49. Be6 Qg7 50. Qe2 g3 51. Ng4
Nxg4 52. Qxg4 Qxg4 53. Bxg4 Kh6 54. Kf3 Kg5 55. Bh3 Kh5 56. Kg2 Kg5 57. Be6
Kf4 58. Bf7 Ke3 59. Bd5 Kxd3 60. Kh3 Ke3 61. Kg2 Kf4 62. Be6 Kxe4 63. Kh3
Kf3 64. Bd5+ e4 65. Bc6 g2 66. Bxe4+ Kxe4 67. Kxg2 Kd4 68. Kh3 Kxc4 69.
Kxh4 b5 70. Kg3 b4 71. Kf3 b3 72. Ke3 b2 73. Kf3 b1=Q 74. Ke3 Qd3+ 75. Kf2
Kd4 76. Kg2 Qe3 77. Kf1 Qd2 78. Kg1 Ke3 79. Kh1 Kf3 80. Kg1 Qg2# { White
checkmated } 0-1

[Event "ICC tourney 2467 (30 10)"]
[Site "Internet Chess Club"]
[Date "2021.03.21"]
[Round "5"]
[White "BAGCHI, SOUNAK:Chesssaga"]
[Black "KHAN, SAMI SHARAF:sami786"]
[Result "1-0"]
[ICCResult "Black resigns"]
[WhiteElo "1967"]
[BlackElo "1014"]
[Opening "Sicilian defense"]
[ECO "B40"]
[NIC "SI.43"]
[Time "19:01:15"]
[PlyCount "51"]
[TimeControl "1800+10"]

1. e4 c5 2. Nf3 e6 3. g3 Nc6 4. Bg2 d6 5. d4 cxd4 6. Nxd4 Nf6 7. Nxc6 bxc6
8. O-O Bb7 9. c4 Be7 10. Nc3 O-O 11. b3 Qc7 12. Bb2 Rfd8 13. Qe2 e5 14.
Rac1 Rd7 15. Rfd1 Rad8 16. Bh3 a5 17. Bxd7 Nxd7 18. Na4 Nf8 19. c5 Ne6 20.
cxd6 Bxd6 21. Bc3 c5 22. Nb2 Qc6 23. Nc4 Bc7 24. Rxd8+ Bxd8 25. f3 f5 26.
Nxe5 { Black resigns } 1-0

[Event "ICC tourney 2467 (30 10)"]
[Site "Internet Chess Club"]
[Date "2021.03.21"]
[Round "5"]
[White "OPASKA, MICHAEL:mopaska1106"]
[Black "CHONG, JOSHUA ETHAN:Joshua1"]
[Result "1-0"]
[ICCResult "Black resigns"]
[WhiteElo "1945"]
[BlackElo "1849"]
[Opening "QGD semi-Slav: Meran variation"]
[ECO "D47"]
[NIC "SL.09"]
[Time "19:01:41"]
[PlyCount "49"]
[TimeControl "1800+10"]

1. d4 d5 2. c4 c6 3. Nf3 Nf6 4. Nc3 e6 5. e3 Nbd7 6. Bd3 dxc4 7. Bxc4 b5 8.
Bb3 Bd6 9. O-O O-O 10. e4 e5 11. Bg5 Re8 12. d5 Qc7 13. dxc6 Qxc6 14. Rc1
Qa6 15. Nd5 Nxe4 16. Nc7 Bxc7 17. Rxc7 Qd6 18. Qd5 Re6 19. Rxd7 Qxd7 20.
Qxa8 Nxg5 21. Nxg5 Rf6 22. Nxf7 Rxf7 23. Rd1 Qc7 24. Qxa7 Kf8 25. Rd8+ {
Black resigns } 1-0

[Event "ICC tourney 2467 (30 10)"]
[Site "Internet Chess Club"]
[Date "2021.03.21"]
[Round "5"]
[White "POTHURI, ABHIRAM:chessasp"]
[Black "Higgins, Sean M:higg1921"]
[Result "1-0"]
[ICCResult "Black forfeits on time"]
[WhiteElo "1980"]
[BlackElo "1421"]
[Opening "Scandinavian defense"]
[ECO "B01"]
[NIC "SD.01"]
[Time "19:01:16"]
[PlyCount "49"]
[TimeControl "1800+10"]

1. e4 d5 2. exd5 Qxd5 3. Nc3 Qa5 4. Nf3 Nf6 5. d4 Bf5 6. Bc4 e6 7. O-O c6
8. Re1 Bd6 9. d5 cxd5 10. Nxd5 Nxd5 11. Bxd5 Qc7 12. Bxb7 Bxh2+ 13. Nxh2
Qxb7 14. Qd6 Nc6 15. Bg5 f6 16. Bh4 Rd8 17. Qc5 Ne5 18. Rxe5 fxe5 19. Bxd8
Kxd8 20. Rd1+ Ke8 21. Qxe5 Kf7 22. Nf3 h6 23. Qf4 g5 24. Ne5+ Kf6 25. Qd4 {
Black forfeits on time } 1-0

[Event "ICC tourney 2467 (30 10)"]
[Site "Internet Chess Club"]
[Date "2021.03.21"]
[Round "5"]
[White "PANG, ASHLEY:redhawk2020"]
[Black "REMPE, JONAS JAKOB RAZA:Drachekokosnuss"]
[Result "1-0"]
[ICCResult "Black resigns"]
[WhiteElo "1955"]
[BlackElo "2100"]
[Opening "Two knights defense (Modern bishop's opening)"]
[ECO "C55"]
[NIC "IG.01"]
[Time "19:01:35"]
[PlyCount "123"]
[TimeControl "1800+10"]

1. e4 e5 2. Nf3 Nc6 3. Bc4 Nf6 4. d3 Be7 5. c3 O-O 6. Nbd2 d6 7. O-O Na5 8.
Bb5 a6 9. Ba4 b5 10. Bc2 c5 11. Re1 Nc6 12. Nf1 h6 13. Ng3 Be6 14. d4 cxd4
15. cxd4 Bg4 16. Nf5 exd4 17. N5xd4 Nxd4 18. Qxd4 Bxf3 19. gxf3 Rc8 20. Bb3
Nd7 21. Bf4 Ne5 22. Bxe5 dxe5 23. Qxd8 Rfxd8 24. Red1 Bg5 25. Kf1 Rxd1+ 26.
Rxd1 Rc1 27. Ke2 Rxd1 28. Kxd1 Kf8 29. Bd5 Ke7 30. b4 Kf8 31. Bb7 Be7 32.
Bxa6 Bxb4 33. Bxb5 f6 34. Bc4 Ke7 35. Ke2 Kd6 36. Kf1 Kc5 37. Bf7 Kd4 38.
Kg2 Bc5 39. a4 Ba7 40. Kg3 Kd3 41. h4 Ke2 42. Bc4+ Ke1 43. Kg4 Kxf2 44. h5
Ke3 45. Bd5 Bb6 46. Kf5 Kxf3 47. Kg6 Kg4 48. Be6+ Kh4 49. Bf7 Bd4 50. Kxg7
Kg5 51. Bg6 f5 52. Bxf5 Kxh5 53. Kf6 Kh4 54. Kg6 h5 55. a5 Ba7 56. a6 Bd4
57. Be6 Ba7 58. Kf5 Bd4 59. Bf7 Kg3 60. Bxh5 Kf2 61. Ke6 Ke3 62. Bg6 {
Black resigns } 1-0

[Event "ICC tourney 2467 (30 10)"]
[Site "Internet Chess Club"]
[Date "2021.03.21"]
[Round "5"]
[White "KERR, JOSHUA MORGAN:AbleCompany"]
[Black "DENG, HENRY:SuperPuzzler"]
[Result "0-1"]
[ICCResult "White resigns"]
[WhiteElo "1673"]
[BlackElo "2049"]
[Opening "King's Indian: orthodox, Aronin-Taimanov, bayonet attack"]
[ECO "E97"]
[NIC "KI.05"]
[Time "19:01:30"]
[PlyCount "72"]
[TimeControl "1800+10"]

1. d4 Nf6 2. c4 g6 3. Nc3 Bg7 4. e4 d6 5. Nf3 O-O 6. Be2 e5 7. O-O Nc6 8.
d5 Ne7 9. b4 Nd7 10. a4 f5 11. Ng5 Nf6 12. Bf3 h6 13. Ne6 Bxe6 14. dxe6 c6
15. b5 Qc7 16. Ba3 Rad8 17. Qd3 Rfe8 18. Rfd1 fxe4 19. Nxe4 Nf5 20. Bxd6
Nxd6 21. Nxd6 Rxe6 22. c5 e4 23. Qc4 Nd5 24. Bxe4 Bxa1 25. Rxa1 Qg7 26. Rd1
Kh7 27. bxc6 bxc6 28. Bxd5 cxd5 29. Qxd5 Re5 30. Qc6 Qd7 31. Qxd7+ Rxd7 32.
Rc1 Rc7 33. f3 Rexc5 34. Re1 Rc2 35. Re5 Rd7 36. Re6 Rc6 { White resigns }
0-1

[Event "ICC tourney 2467 (30 10)"]
[Site "Internet Chess Club"]
[Date "2021.03.21"]
[Round "5"]
[White "Wang, Luke:HostilePear"]
[Black "KATSMAN, DAVID:davika21"]
[Result "0-1"]
[ICCResult "White checkmated"]
[WhiteElo "1969"]
[BlackElo "1884"]
[Opening "Catalan: closed, 5.Nf3"]
[ECO "E06"]
[NIC "CA.04"]
[Time "19:01:28"]
[PlyCount "126"]
[TimeControl "1800+10"]

1. c4 e6 2. g3 d5 3. Bg2 Nf6 4. Nf3 Be7 5. d4 O-O 6. O-O b6 7. Nbd2 Bb7 8.
Ne5 Nbd7 9. cxd5 Nxd5 10. Ndf3 Nxe5 11. Nxe5 Bf6 12. Bd2 c5 13. Bc3 Bxe5
14. dxe5 Nxc3 15. bxc3 Bxg2 16. Kxg2 Qc7 17. Qd6 Qxd6 18. exd6 Rfd8 19.
Rfd1 Rd7 20. e4 e5 21. Rd5 f6 22. f4 Re8 23. Kf3 Kf7 24. Rad1 g5 25. fxg5
fxg5 26. Kg4 Kg6 27. Rf1 h5+ 28. Kh3 Re6 29. Rf5 Rdxd6 30. Rdxe5 Rxe5 31.
Rxe5 Rd2 32. g4 Rd3+ 33. Kg2 hxg4 34. Re6+ Kf7 35. Re5 Kf6 36. Rf5+ Kg6 37.
Rd5 Rxc3 38. Rd6+ Kh5 39. e5 Re3 40. Re6 c4 41. Kf2 Re4 42. Rc6 b5 43. Rc5
a6 44. Rc6 Rxe5 45. Rxa6 Rd5 46. Ke3 g3 47. hxg3 Kg4 48. Ke4 Rd2 49. Rb6
Rb2 50. a4 b4 51. a5 c3 52. a6 c2 53. Rc6 Ra2 54. a7 b3 55. Kd3 Rxa7 56.
Kd2 Ra1 57. Rc4+ Kh3 58. g4 Rd1+ 59. Ke2 c1=Q 60. Rc3+ Qxc3 61. Kxd1 b2 62.
Ke2 b1=Q 63. Kf2 Qbe1# { White checkmated } 0-1

[Event "ICC tourney 2467 (30 10)"]
[Site "Internet Chess Club"]
[Date "2021.03.21"]
[Round "5"]
[White "POWER, SEAN KEE:KnightHopper"]
[Black "WANG, ALEXANDER J:ickyquarter"]
[Result "1-0"]
[ICCResult "Black checkmated"]
[WhiteElo "2012"]
[BlackElo "2077"]
[Opening "Sicilian: dragon, Yugoslav attack, 9...Bd7"]
[ECO "B77"]
[NIC "SI.18"]
[Time "19:01:25"]
[PlyCount "111"]
[TimeControl "1800+10"]

1. e4 c5 2. Nf3 d6 3. d4 cxd4 4. Nxd4 Nf6 5. Nc3 g6 6. Be3 Bg7 7. Qd2 O-O
8. f3 Nc6 9. Bc4 Bd7 10. Bb3 Ne5 11. h4 h5 12. O-O-O Rc8 13. Bg5 Rc5 14.
Kb1 b5 15. Rhe1 a5 16. f4 Neg4 17. e5 a4 18. Bxf7+ Rxf7 19. e6 Rf8 20. exd7
Qxd7 21. Ne6 Rfc8 22. Nxc5 Rxc5 23. Ne4 Rc4 24. Bxf6 Nxf6 25. Ng5 a3 26. b3
Rc5 27. Ne6 Rf5 28. Nxg7 Kxg7 29. g3 Qc7 30. Qb4 Nd5 31. Rxd5 Rxd5 32. Qxa3
Qc3 33. Qb2 Qxb2+ 34. Kxb2 Kf6 35. Kc3 e5 36. fxe5+ dxe5 37. Re3 Kf5 38.
Kb4 e4 39. c4 bxc4 40. Kxc4 Rd2 41. a4 Ke5 42. b4 Rd4+ 43. Kc3 Kd5 44. a5
Rc4+ 45. Kb3 Rc6 46. Rc3 Re6 47. b5 e3 48. a6 e2 49. a7 e1=Q 50. a8=Q+ Ke5
51. Rc5+ Kd6 52. Qd5+ Ke7 53. Rc7+ Kf8 54. Qd8+ Re8 55. Qf6+ Kg8 56. Qg7# {
Black checkmated } 1-0

[Event "ICC tourney 2467 (30 10)"]
[Site "Internet Chess Club"]
[Date "2021.03.21"]
[Round "5"]
[White "YE, LUKE SICONG:lukeye"]
[Black "FILIPOVICH, DAVID MICHAEL:dmfcan"]
[Result "1/2-1/2"]
[ICCResult "Game drawn by repetition"]
[WhiteElo "2059"]
[BlackElo "2150"]
[Opening "Caro-Kann: Bronstein-Larsen variation"]
[ECO "B16"]
[NIC "CK.07"]
[Time "19:01:26"]
[PlyCount "73"]
[TimeControl "1800+10"]

1. e4 c6 2. d4 d5 3. Nc3 dxe4 4. Nxe4 Nf6 5. Nxf6+ gxf6 6. Nf3 Bf5 7. Bf4
Nd7 8. Bd3 Bg6 9. h4 Bh5 10. Qe2 Nb6 11. c3 e6 12. Be4 Nd5 13. Bd2 Bd6 14.
Rg1 Bf4 15. Bxd5 Bxd2+ 16. Kxd2 Qxd5 17. g4 Bg6 18. h5 Be4 19. Ne1 c5 20.
Qb5+ Qc6 21. Qxc6+ Bxc6 22. dxc5 O-O-O+ 23. Ke3 Rd5 24. Nd3 Rhd8 25. Nb4
Rxc5 26. f4 Bb5 27. Rad1 a5 28. Rxd8+ Kxd8 29. Rd1+ Ke7 30. Nd3 Bxd3 31.
Rxd3 b5 32. Kf3 Rc4 33. Rd4 Rc5 34. Rd3 Rc4 35. Rd4 Rc5 36. Rd3 Rc4 37. Rd4
{ Game drawn by repetition } 1/2-1/2

[Event "ICC tourney 2467 (30 10)"]
[Site "Internet Chess Club"]
[Date "2021.03.21"]
[Round "5"]
[White "IVANOV, ALEXANDER:marble"]
[Black "Ulrich, Susanna G:thetornado"]
[Result "1-0"]
[ICCResult "Black resigns"]
[WhiteElo "2506"]
[BlackElo "2168"]
[Opening "Caro-Kann: advance variation"]
[ECO "B12"]
[NIC "CK.04"]
[Time "19:01:21"]
[PlyCount "103"]
[TimeControl "1800+10"]

1. e4 c6 2. d4 d5 3. e5 Bf5 4. h4 h5 5. c4 e6 6. Nc3 dxc4 7. Bxc4 Nd7 8.
Bg5 Ne7 9. Nge2 f6 10. exf6 gxf6 11. Bf4 Nb6 12. Bb3 Ned5 13. O-O Qd7 14.
Bh2 O-O-O 15. Ng3 Bg6 16. Qf3 Bg7 17. Nge4 Bxe4 18. Nxe4 e5 19. Nc5 Qg4 20.
Qxg4+ hxg4 21. Ne6 Rd7 22. Bg3 e4 23. Rfe1 f5 24. Nxg7 Rxg7 25. Be5 Rgh7
26. Bxh8 Rxh8 27. g3 Rd8 28. Rac1 Rd6 29. a3 Kd7 30. Kg2 Nc7 31. Rc5 Nbd5
32. Bxd5 Nxd5 33. Rc2 Nc7 34. Rd1 Ne6 35. Rcd2 Rd5 36. h5 Ke7 37. h6 Ng5
38. Rh1 Nh7 39. Rc2 Rxd4 40. Rc5 Ke6 41. Rh5 Rd5 42. Rxd5 cxd5 43. Kf1 d4
44. Ke2 Kf6 45. Rh1 Kg6 46. Rc1 d3+ 47. Kd2 Ng5 48. Rc7 Kxh6 49. Rxb7 f4
50. gxf4 Nf3+ 51. Ke3 d2 52. Rd7 { Black resigns } 1-0

[Event "ICC tourney 2467 (30 10)"]
[Site "Internet Chess Club"]
[Date "2021.03.21"]
[Round "5"]
[White "VAKHIDOV, JAKHONGIR:TjkTiger"]
[Black "Volkov, Sergey:Volkov"]
[Result "1-0"]
[ICCResult "Black forfeits on time"]
[WhiteElo "2610"]
[BlackElo "2607"]
[Opening "English: Caro-Kann defensive system"]
[ECO "A11"]
[NIC "EO.64"]
[Time "19:01:40"]
[PlyCount "115"]
[TimeControl "1800+10"]

1. c4 c6 2. Nc3 d5 3. d4 Nf6 4. cxd5 cxd5 5. Bf4 Nc6 6. e3 Bf5 7. Be2 e6 8.
Nf3 Bd6 9. Ne5 Bxe5 10. Bxe5 Nxe5 11. dxe5 Nd7 12. Qd4 O-O 13. Rd1 f6 14.
exf6 Nxf6 15. O-O Qb6 16. Nb5 Rfc8 17. Rc1 Qxd4 18. Nxd4 Kf7 19. Nxf5 exf5
20. Bd3 Ke6 21. f3 g6 22. Kf2 Nd7 23. b3 Ne5 24. Bb1 a5 25. Ke2 Rc6 26. h3
a4 27. g4 axb3 28. axb3 Ra3 29. Bc2 Ra2 30. Kd1 Rd6 31. Rf2 Kf6 32. Kd2 d4
33. exd4 Rxd4+ 34. Ke3 Rd6 35. g5+ Ke7 36. Re2 Re6 37. Kf4 Nc6 38. Rxe6+
Kxe6 39. Bd3 Nd4 40. Bc4+ Kd6 41. Rd1 Kc5 42. Bg8 Rb2 43. Rd3 b5 44. Ke5 b4
45. Bxh7 Rxb3 46. Rxb3 Nxb3 47. Bxg6 Nd4 48. Bf7 Nxf3+ 49. Kxf5 Kd6 50. Kf6
Ne5 51. Bb3 Nd7+ 52. Kf7 Ne5+ 53. Kf8 Ng6+ 54. Kg7 Nf4 55. g6 Ke5 56. Kh6
Nxg6 57. Kxg6 Kf4 58. h4 { Black forfeits on time } 1-0

[Event "ICC tourney 2467 (30 10)"]
[Site "Internet Chess Club"]
[Date "2021.03.21"]
[Round "5"]
[White "YANG, KAIQI:YKQ"]
[Black "CARTER, DAVID E:CARTERD253"]
[Result "1-0"]
[ICCResult "Black resigns"]
[WhiteElo "2531"]
[BlackElo "2137"]
[Opening "Ruy Lopez: Bird's defense"]
[ECO "C61"]
[NIC "RL.05"]
[Time "19:01:14"]
[PlyCount "137"]
[TimeControl "1800+10"]

1. e4 e5 2. Nf3 Nc6 3. Bb5 Nd4 4. Nxd4 exd4 5. d3 Bc5 6. O-O c6 7. Bc4 d5
8. exd5 cxd5 9. Bb5+ Kf8 10. Re1 Ne7 11. Ba4 h5 12. h3 a5 13. Nd2 Ra6 14.
Nf3 Re6 15. a3 Qd6 16. Bd2 Nc6 17. b4 axb4 18. Bxc6 bxc6 19. axb4 Bxb4 20.
Ra8 Ke7 21. Nxd4 Bxd2 22. Qxd2 Rxe1+ 23. Qxe1+ Kf6 24. Qc3 Re8 25. Nb5+ Qe5
26. Qxc6+ Re6 27. Qxc8 Qe1+ 28. Kh2 Qxf2 29. Qc7 h4 30. Ra4 g5 31. Nd4 Re3
32. Qb6+ Re6 33. Qd8+ Kg6 34. Qg8+ Kf6 35. Qb8 Re3 36. Qd8+ Kg6 37. Qd6+ f6
38. Ra1 Re5 39. Nf3 Qg3+ 40. Kg1 Re1+ 41. Rxe1 Qxd6 42. Re2 Kh5 43. d4 g4
44. hxg4+ Kxg4 45. Nh2+ Kh5 46. Rf2 Kg6 47. Ng4 f5 48. Ne5+ Kf6 49. Rf3 Qb4
50. c3 Qb1+ 51. Kh2 Qe4 52. Nd7+ Ke7 53. Ne5 Kf6 54. Nd7+ Ke7 55. Nc5 Qe1
56. Na6 Kf6 57. Nb4 Qe4 58. Nd3 Qg4 59. Nf4 Kg5 60. Nxd5 Qe4 61. Nf4 Kg4
62. Nd3 Kg5 63. Nf2 Qe2 64. Nh3+ Kf6 65. Nf4 Qe4 66. Nd3 Kg5 67. Ne5 Kf6
68. Nc4 Ke6 69. Re3 { Black resigns } 1-0